 Dungeon Crawl Stone Soup version 0.31.0 (webtiles) character file.

Game seed: 11048483746333159874

1146 MollyMolluskus the Sneak (level 8, -23/54 HPs)
             Began as an Octopode Fighter on Jan 19, 2024.
             Was an Initiate of Wu Jian.
             Killed from afar by Maggie (31 damage)
             ... with a bolt of fire
             ... on level 6 of the Dungeon.
             The game lasted 00:15:05 (4645 turns).

MollyMolluskus the Sneak (Octopode Fighter)         Turns: 4645, Time: 00:15:06

Health: -23/54     AC:  1    Str: 28    XL:     8   Next: 38%
Magic:  8/8        EV: 15    Int: 11    God:    Wu Jian [......]
Gold:   280        SH:  0    Dex: 14    Spells: 7/7 levels left

rFire   . . .        v - +10 quarterstaff "Zogo" {flame, Will- Str+5 Dex+3}
rCold   . . .        (shield currently unavailable)
rNeg    + . .        (helmet restricted)
rPois   .            (no amulet)
rElec   .            h - ring of positive energy
rCorr   .            u - +6 ring of strength
SInv    .            A - ring of willpower
Will    .....        (no ring)
Stlth   ++++         (no ring)
HPRegen 0.29/turn    (no ring)
MPRegen 0.11/turn    (no ring)
                     (no ring)

%: no passive effects
@: mesmerised
A: almost no armour, amphibious, 8 rings, camouflage 1, gelatinous body 1,
(nimble swimmer 1), tentacles
a: Renounce Religion


You were on level 6 of the Dungeon.
You worshipped Wu Jian.
Wu Jian was noncommittal.
You visited 2 branches of the dungeon, and saw 7 of its levels.

You collected 280 gold pieces.

Inventory:

Hand Weapons
 v - the +10 quarterstaff "Zogo" (weapon) {flame, Will- Str+5 Dex+3}
   (You found it on level 3 of the Dungeon)

   Str+5:     It affects your strength (+5).
   Dex+3:     It affects your dexterity (+3).
   Will-:     It decreases your willpower.
Missiles
 s - 3 boomerangs
Armour
 a - a +0 buckler
 c - a +0 hat
Jewellery
 h - a ring of positive energy (left tentacle)
 n - a +6 ring of intelligence
 u - a +6 ring of strength (right tentacle)
 y - a ring of magical power
 z - a ring of ice
 A - a ring of willpower (on tentacle)
Talismans
 t - a maw talisman
Wands
 r - a wand of flame (15)
 x - a wand of paralysis (11)
Scrolls
 g - 4 scrolls of teleportation
 i - a scroll of enchant weapon
 k - 2 scrolls of fog
Potions
 b - 3 potions of might
 d - a potion of haste
 e - a potion of cancellation {unknown}
 j - a potion of lignification {unknown}
 l - 4 potions of curing
 m - a potion of heal wounds {unknown}
 o - a potion of degeneration {unknown}
 p - a potion of attraction {unknown}
 q - a potion of enlightenment {unknown}
 w - a potion of ambrosia {unknown}
 B - a potion of invisibility {unknown}


   Skills:
 + Level 4.8 Fighting
 + Level 4.8 Dodging
 + Level 4.9 Stealth
 + Level 4.7 Shields
 + Level 4.8 Unarmed Combat
 + Level 2.6 Evocations
 + Level 2.3 Shapeshifting


You had 7 spell levels left.
You didn't know any spells.
Your spell library contained the following spells:

 Spells                   Type           Power      Damage    Failure   Level
 Apportation              Tloc           0%         N/A       34%         1
 Jinxbite                 Hex            0%         N/A       47%         2
 Scorch                   Fire           0%         2d5       47%         2
 Flame Wave               Conj/Fire      0%         2d4       98%         4
 Alistair's Intoxication  Alch           0%         N/A       100%        5
 Summon Cactus Giant      Summ           0%         N/A       100%        6


Dungeon Overview and Level Annotations

Branches:
Dungeon (6/15)             Temple (1/1) D:4

Altars:
Cheibriados
Elyvilon
Fedhas
Gozag
Hepliaklqana
Kikubaaqudgha
Nemelex Xobeh
Okawaru
Qazlal
Ru
Sif Muna
Trog
Uskayaw
Vehumet
Wu Jian
Xom
Yredelemnul
Zin
The Shining One

Shops:
D:6 *

Annotations:
D:6 Blork the orc, Maggie


Innate Abilities, Weirdness & Mutations

You cannot wear most types of armour.
You are amphibious.
You can wear up to eight rings at the same time.
Your skin changes colour to match your surroundings (Stealth+).
Your rubbery body absorbs attacks. (AC +1, EV +1)
((You are camouflaged when in or above water. (Stealth+)))
You have tentacles for arms and can constrict up to eight enemies at once.


Message History

You kill the bombardier beetle!
The Council accepts your kill.
You drop 79 stones.
HP restored.
Maggie the Vainglorious comes into view.
She is wielding a +0 glaive.
Found Nefoasaa's Assorted Antiques.
You enter the deep water.
Blork the orc comes into view.
He is wielding a +0 mace.
You lunge at Maggie.
Blork the orc shouts!
Maggie shouts!
You bludgeon Maggie!! You burn Maggie. Your grab misses Maggie.
You squeeze Maggie, but do no damage.
Maggie is moderately wounded.
Maggie gestures wildly while chanting.
Maggie attempts to bespell you!
You are mesmerised by Maggie!
You thump Maggie! You burn Maggie. Your grab misses Maggie.
Maggie is heavily wounded.
Blork the orc casts a spell at you. The puff of flame hits you!
Maggie closely misses you.
Unknown command.
You sock Maggie! You burn Maggie. You grab Maggie.
Maggie is severely wounded.
You constrict Maggie. Maggie barely misses you.
Unknown command.
You completely miss Maggie.
You tentacle-slap Maggie, but do no damage.
Maggie is almost dead.
You constrict Maggie.
An iguana comes into view.
Maggie hits you with a +0 glaive!!
Unknown command.
You completely miss Maggie.
Maggie is almost dead.
You constrict Maggie! Maggie hits you with a +0 glaive!
* * * LOW HITPOINT WARNING * * *
Maggie gestures at you while chanting. The bolt of fire hits you!!
Ouch! That really hurt!
You die...

##........## ...
#.......## ...###
######.#####.#
##....##.......# #.#
...............## #.#
≈≈≈≈≈≈≈≈≈.......# #.##
....o...≈.......# #..#
≈≈≈≈§≈≈@≈.......# ##.##
≈.....≈@≈.......## #..#
≈.≈≈≈.≈.≈......... ##.#
≈.≈∩≈.≈)≈......## ##..
≈l≈...≈.≈..>....# #...
≈.≈≈≈≈≈.≈.......#####.##
≈.......≈......(....#.##
≈≈≈≈≈≈≈≈≈.............#.
.....................##.
≈≈≈≈≈≈≈≈≈......#..#.###.


You could see Maggie (mesmerising), Blork the orc and an iguana (wandering).

Vanquished Creatures
  Duvessa (D:5)
  An ice beast (D:5)
  2 black bears
  2 scorpions
  Dowan (D:5)
  5 bombardier beetles
  A jelly (D:5)
  An orc priest (D:6)
  A hound (D:5)
  2 sleepcaps
  5 iguanas
  An orc wizard (D:4)
  4 adders
  2 dart slugs (D:3)
  2 ribbon worms
  17 orcs
  6 endoplasms
  3 giant cockroaches
  5 hobgoblins
  2 jackals (D:1)
  2 quokkas
  A ball python (D:1)
  3 bats
  3 frilled lizards
  7 goblins
  8 kobolds
  8 rats
96 creatures vanquished.

Notes
Turn   | Place    | Note
-------+----------+-------------------------------------------
     0 | D:1      | MollyMolluskus the Octopode Fighter began the quest for the
                  | Orb.
     0 | D:1      | Reached XP level 1. HP: 16/16 MP: 1/1
   237 | D:1      | Reached XP level 2. HP: 21/21 MP: 2/2
   858 | D:2      | Reached skill level 1 in Stealth
   868 | D:2      | Reached XP level 3. HP: 24/26 MP: 3/3
  1462 | D:3      | Found a sacrificial altar of Ru.
  1593 | D:3      | Reached XP level 4. HP: 26/31 MP: 4/4
  1744 | D:3      | Reached XP level 5. HP: 13/36 MP: 5/5
  2134 | D:3      | Identified the +10 quarterstaff "Zogo" {flame, Will- Str+5
                  | Dex+3}
  2412 | D:4      | Reached XP level 6. HP: 35/43 MP: 6/6
  2816 | D:4      | Reached skill level 1 in Shapeshifting
  2896 | D:4      | Found a staircase to the Ecumenical Temple.
  2905 | Temple   | Entered the Ecumenical Temple
  2917 | Temple   | Became a worshipper of the Wu Jian Council
  3330 | D:5      | Entered Level 5 of the Dungeon
  3379 | D:5      | Reached XP level 7. HP: 48/48 MP: 7/7
  3400 | D:5      | Reached skill level 1 in Evocations
  4033 | D:5      | Noticed Dowan
  4251 | D:5      | Noticed Duvessa
  4264 | D:5      | Killed Duvessa
  4265 | D:5      | Reached XP level 8. HP: 54/54 MP: 8/8
  4268 | D:5      | Killed Dowan
  4637 | D:6      | Found Nefoasaa's Assorted Antiques.
  4637 | D:6      | Noticed Maggie
  4640 | D:6      | Noticed Blork the orc
  4645 | D:6      | Killed from afar by Maggie

Illustrated notes

Levels and vault maps discovered:
D:1:      dpeg_arrival_court, layout_basic, minmay_misc_feat_cross,
          chequers_mini_garden
D:2:      layout_basic, minmay_misc_feat_nine_boxes,
          minmay_misc_feat_more_columns, minmay_misc_feat_four_crosses
D:3:      layout_basic, mainiacjoe_overflow_small_starburst,
          nicolae_houndstooth_variations
D:4:      minmay_diamond_boxcup, layout_basic, lemuel_temple_firewalk_b
D:5:      layout_loops_corners, uniq_duvessa
D:6:      dreamdust_elfheim, layout_rooms, minmay_misc_feat_columns,
          nicolae_inconvenience_store, kennysheep_cross_room,
          uniq_blork_the_orc, uniq_maggie
Temple:   compressed_dpeg_circular_temple

Skill      XL: |  1  2  3  4  5  6  7 |
---------------+----------------------+-----
Stealth        | 1 2 3 4 |  4.9
Unarmed Combat | 3 4 |  4.8
Dodging        | 4 |  4.8
Fighting       | 4 |  4.8
Shields        | 4 |  4.7
Shapeshifting  | 1 2 |  2.3
Evocations     | 2 |  2.6

Action                     |  1- 3 |  4- 6 |  7- 9 || total
---------------------------+-------+-------+-------++-------
  Melee: Unarmed           |    85 |    27 |       ||   112
         Constrict         |    21 |    14 |     8 ||    43
         Tentacles         |    14 |    10 |     8 ||    32
         Punch             |     2 |     1 |     1 ||     4
         Quarterstaff      |       |    28 |    46 ||    74
  Throw: Stone             |     3 |       |       ||     3
Ability: Lunge             |       |     1 |     9 ||    10
    Use: Scroll            |     7 |     3 |     2 ||    12
   Stab: Sleeping          |    10 |    14 |     7 ||    31
         Distracted        |       |     1 |       ||     1
 Armour: Skin              |    17 |    12 |    19 ||    48
  Dodge: Dodged            |    33 |    14 |    21 ||    68
  Block: Buckler           |    12 |     1 |       ||    13
